 Dungeon Crawl Stone Soup version 0.27-a0-1525-g1038ab4fd7 (webtiles) character file.

Game seed: 2623231427788558028

6 nyamberluvr69 the Slasher (level 1, -3/24 HPs)
             Began as an Octopode Berserker on July 11, 2021.
             Was a Follower of Trog.
             Slain by a kobold (4 damage)
             ... on level 1 of the Dungeon.
             The game lasted 00:00:16 (18 turns).

nyamberluvr69 the Slasher (Octopode Berserker)        Turns: 18, Time: 00:00:16

Health: -3/24      AC:  1    Str: 16    XL:     1   Next: 90%
Magic:  1/1        EV: 13    Int:  9    God:    Trog [*.....]
Gold:   11         SH:  0    Dex: 11    Spells: 0/0 levels left

rFire    . . .     SeeInvis .   a - +0 falchion
rCold    . . .     Faith    .   (no shield)
rNeg     . . .     Spirit   .   (helmet restricted)
rPois    .         Reflect  .   (no amulet)
rElec    .         Harm     .   (no ring)
rCorr    .         Rampage  .   (no ring)
Will     .....                  (no ring)
Stlth    ..........             (no ring)
HPRegen  0.08/turn              (no ring)
MPRegen  0.07/turn              (no ring)
                                (no ring)
                                (no ring)

@: berserking, very quick
A: almost no armour, amphibious, 8 rings, camouflage 1, gelatinous body 1,
(nimble swimmer 1), tentacles
a: Renounce Religion, Berserk


You were on level 1 of the Dungeon.
You worshipped Trog.
Trog was aware of your devotion.
You visited 1 branch of the dungeon, and saw 1 of its levels.

You collected 11 gold pieces.

Inventory:

Hand Weapons
 a - a +0 falchion (weapon)
Scrolls
 b - a scroll of identify {unknown}


   Skills:
 + Level 3.2 Fighting
 + Level 3.2 Long Blades
 - Level 3.0 Dodging


You couldn't memorise any spells.
You didn't know any spells.
Your spell library was empty.

Dungeon Overview and Level Annotations

Branches:
Dungeon (1/15)

Altars:


Innate Abilities, Weirdness & Mutations

You cannot wear most types of armour.
You are amphibious.
You can wear up to eight rings at the same time.
Your skin changes colour to match your surroundings (Stealth+).
Your rubbery body absorbs attacks. (AC +1, EV +1)
((You are camouflaged near water. (Stealth+)))
You have tentacles for arms and can constrict up to eight enemies at once.


Message History

A red film seems to cover your vision as you go berserk!
You feel yourself moving faster!
You feel mighty!
The jackal barks!
A jackal comes into view.
The jackal misses you. The goblin barely misses you.
You riposte.
You barely miss the goblin.
The jackal barks!
Your grab misses the goblin. The hobgoblin hits you.
You are too injured to fight recklessly!
You are too injured to fight recklessly!
You are too injured to fight recklessly!
You are too injured to fight recklessly!
You hit the goblin.
You kill the goblin!
Trog accepts your kill. The jackal bites you.
The kobold hits you with a +0 dagger.
* * * LOW HITPOINT WARNING * * *
You slash the rat!
You kill the rat!
Trog accepts your kill. The jackal misses you. The hobgoblin hits you.
* * * LOW HITPOINT WARNING * * *
The kobold completely misses you.
You barely miss the kobold. You grab the kobold. You constrict the kobold.
The jackal bites you.
* * * LOW HITPOINT WARNING * * *
The hobgoblin barely misses you.
You barely miss the dart slug. You grab the dart slug.
You constrict the kobold, but do no damage.
You constrict the dart slug. The jackal misses you.
The kobold closely misses you. The hobgoblin barely misses you.
The jackal bites you.
* * * LOW HITPOINT WARNING * * *
The dart slug barely misses you.
You release your grip on the kobold.
You release your grip on the dart slug.
You barely miss the jackal. You grab the jackal. You squeeze the jackal.
You kill the jackal!
Trog accepts your kill. The kobold hits you with a +0 dagger.
You die...

#######
##.....##
##.....[.##
#..(....?.#
#........?#
#......w@.#
#......gKh#
#.....h†..#
#............
#.........##...
#.........# .:
#.........# .
#.........#
##.......##


You could see a dart slug, 2 jackals, a hobgoblin and a kobold.

Vanquished Creatures
  A goblin (D:1)
  4 jackals (D:1)
  A rat (D:1)
6 creatures vanquished.

Notes
Turn   | Place    | Note
-------+----------+-------------------------------------------
     0 | D:1      | nyamberluvr69 the Octopode Berserker began the quest for
                  | the Orb.
     0 | D:1      | Reached XP level 1. HP: 16/16 MP: 1/1
    16 | D:1      | HP: 1/24 [jackal (1)]
    18 | D:1      | Slain by a kobold

Illustrated notes

Levels and vault maps discovered:
D:1:      ncdulo_watergridlock, layout_rooms

Action                   || total
-------------------------++-------
Melee: Falchion          ||     9
       Constrict         ||     4
       Tentacles         ||     4
Invok: Berserk           ||     1
Dodge: Dodged            ||    16
       Rpst.: Falchion   ||     1

Table legend: (Time is in decaauts)
 A = Elapsed time spent in this place.
 B = Non-inter-level travel time spent in this place.
 C = Inter-level travel time spent in this place.
 D = Time resting spent in this place.
 E = Time spent auto-exploring this place.
 F = Levels seen in this place.
 G = Mean time per level.
                   A        B        C        D        E       F      G
               +--------+--------+--------+--------+--------+-----+--------+
         Total |     17 |     17 |      0 |      0 |      4 |   1 |   17.0 |
       Dungeon |     17 |     17 |      0 |      0 |      4 |   1 |   17.0 |
               +--------+--------+--------+--------+--------+-----+--------+

Top non-repeatable levels by time:
     D:1: 17 daAuts
